AoeStats
← 1847373944

Fortress

508821813Analyzed
4v4 RM · 9d ago on Sep 24, 2026· 63m 47s· 8 players
Game mode
Random Map
Map size
Huge
Population
200
Speed
Normal
Resources
Standard
Victory
Conquest
Starting age
Dark Age
Ending age
Imperial Age
RankedLock teamsTeams togetherTeam positionsShared explorationLock speedFull tech treeHidden civsTurbo modeCheats
Victory
Defeat
🇳🇱 Khmer · Netherlands
1141
+14
🇩🇪 Franks · Germany
1000
+19
🇮🇳 Danes · India
971
+20
🇮🇳 Britons · India
970
+21
🇨🇦 Slavs · Canada
1108
-20
🇹🇼 Turks · Taiwan
1098
-19
🇨🇳 Teutons · China
1074
-18
🇺🇸 Lithuanians · United States
1027
-17
1847373944
7:32 Feudal Age
9:06 Loom
12:37 Castle Age
10:40 Double-Bit Axe
13:41 Stone Mining
14:33 Bow Saw
14:34 Gold Mining
22:19 Scale Mail Armor
23:19 Forging
24:49 Squires
24:52 Fletching
28:18 Horse Collar
32:44 Imperial Age
30:51 Wheelbarrow
30:35 Heavy Plow
30:25 Pikeman
32:19 Hand Cart
32:31 Chain Mail Armor
34:58 Iron Casting
35:59 Two-Man Saw
35:24 Conscription
35:34 Arson
35:10 Halberdier
37:03 Bloodlines
38:21 Caravan
38:02 Elite Teutonic Knight
39:51 Crop Rotation
38:45 Cavalier
40:38 Scale Barding Armor
42:21 Blast Furnace
41:52 Plate Mail Armor
41:43 Chain Barding Armor
45:14 Paladin
50:47 Plate Barding Armor
56:01 Bodkin Arrow
阿泡
7:55 Loom
9:41 Feudal Age
14:27 Castle Age
12:17 Double-Bit Axe
13:34 Horse Collar
18:59 Imperial Age
20:50 Conscription
21:49 Fletching
42:49 Stone Mining
44:53 Bombard Tower
45:19 Gold Mining
46:19 Bodkin Arrow
46:25 Padded Archer Armor
47:15 Ballistics
46:52 Guard Tower
49:36 Keep
50:46 Wheelbarrow
51:29 Arrowslits
53:03 Hand Cart
DooWopShooBop
8:11 Feudal Age
10:24 Wheelbarrow
9:41 Loom
12:32 Castle Age
11:27 Stone Mining
11:28 Double-Bit Axe
18:18 Horse Collar
22:08 Forging
21:58 Scale Mail Armor
22:03 Squires
21:23 Pikeman
25:34 Iron Casting
27:36 Chain Mail Armor
28:14 Gold Mining
29:37 Scale Barding Armor
32:14 Imperial Age
32:32 Halberdier
35:16 Cavalier
35:56 Husbandry
36:07 Bloodlines
38:11 Chain Barding Armor
39:27 Plate Barding Armor
40:21 Wheelbarrow
39:47 Capped Ram
43:23 Chemistry
42:43 Ballistics
47:15 Masonry
47:03 Murder Holes
47:22 Fortified Wall
47:27 Masonry
48:41 Paladin
51:50 Paladin
55:25 Onager
Sean
1:39 Loom
8:04 Feudal Age
12:00 Castle Age
9:55 Double-Bit Axe
13:29 Bow Saw
15:05 Wheelbarrow
14:29 Horse Collar
19:26 Hand Cart
20:48 Heavy Plow
21:09 Gold Mining
22:10 Stone Mining
23:02 Detinets
26:12 Imperial Age
23:56 Bloodlines
24:43 Gold Shaft Mining
24:40 Scale Barding Armor
24:31 Light Cavalry
25:42 Chain Barding Armor
25:47 Husbandry
26:30 Hussar
27:50 Plate Barding Armor
27:36 Conscription
29:07 Forging
29:32 Onager
31:37 Iron Casting
33:44 Blast Furnace
34:48 Two-Man Saw
34:27 Elite Boyar
36:59 Padded Archer Armor
36:50 Fletching
37:14 Town Watch
37:52 Ballistics
37:40 Siege Engineers
37:13 Siege Onager
42:31 Capped Ram
43:29 Siege Ram
48:27 Heavy Scorpion
Dragmon11
5:06 Loom
5:14 Loom
8:17 Feudal Age
12:23 Castle Age
10:19 Double-Bit Axe
12:25 Scale Mail Armor
12:14 Arson
12:42 Forging
13:26 Horse Collar
18:41 Chain Mail Armor
20:05 Wheelbarrow
22:26 Iron Casting
23:11 Hand Cart
24:31 Gold Mining
24:49 Heavy Plow
24:59 Bow Saw
25:56 Fletching
25:55 Town Watch
31:04 Imperial Age
31:34 Bodkin Arrow
32:21 Plate Mail Armor
33:45 Blast Furnace
32:42 Hamask
34:27 Conscription
34:54 Bracer
35:08 Elite Jomsviking
35:40 Capped Ram
41:44 Hoardings
42:28 Siege Ram
42:52 Northmen's Fury
43:32 Stone Mining
44:18 Gold Shaft Mining
44:27 Gold Shaft Mining
49:01 Ballistics
56:59 Chemistry
56:12 Siege Engineers
56:18 Masonry
wzd27
3:26 Loom
7:59 Feudal Age
8:35 Double-Bit Axe
13:49 Stone Mining
16:36 Castle Age
14:59 Forging
14:50 Scale Mail Armor
17:06 Pikeman
17:46 Squires
18:34 Iron Casting
23:29 Wheelbarrow
23:22 Scale Barding Armor
23:53 Husbandry
25:15 Bow Saw
26:42 Chain Barding Armor
28:24 Hand Cart
27:55 Town Watch
29:46 Chain Mail Armor
33:02 Imperial Age
30:47 Ordonnance Companies
31:22 Fletching
31:34 Padded Archer Armor
33:37 Gold Mining
33:49 Town Patrol
34:28 Heavy Mounted Crossbowman
34:33 Cranequins
35:01 Cavalier
36:44 Blast Furnace
35:41 Bodkin Arrow
38:21 Chemistry
37:42 Ballistics
38:15 Conscription
39:15 Leather Archer Armor
39:09 Siege Engineers
39:00 Murder Holes
39:17 Fortified Wall
39:49 Elite Throwing Axeman
41:41 Halberdier
43:13 Plate Mail Armor
54:09 Chivalry
55:52 Plate Barding Armor
54:41 Paladin
jsvos123
2:23 Loom
7:44 Feudal Age
9:33 Town Watch
11:49 Castle Age
10:55 Double-Bit Axe
11:02 Gold Mining
10:57 Horse Collar
14:04 Scale Barding Armor
14:17 Town Patrol
15:08 Bloodlines
18:07 Chain Barding Armor
18:00 Husbandry
28:31 Wheelbarrow
30:39 Bow Saw
36:48 Imperial Age
34:45 Stone Mining
37:58 Conscription
38:16 Ballistics
39:04 Murder Holes
40:12 Chemistry
39:23 Fortified Wall
39:21 Fletching
39:45 Heavy Plow
41:34 Double Crossbow
42:50 Scale Mail Armor
43:01 Forging
43:43 Pikeman
44:50 Halberdier
46:43 Chain Mail Armor
47:04 Iron Casting
47:22 Arson
48:16 Bodkin Arrow
54:28 Blast Furnace
54:04 Plate Barding Armor
53:32 Bracer
xzaviourr
8:11 Feudal Age
9:19 Loom
12:14 Castle Age
10:13 Double-Bit Axe
10:13 Horse Collar
10:42 Gold Mining
13:50 Bow Saw
13:44 Heavy Plow
19:54 Wheelbarrow
21:02 Fletching
21:13 Padded Archer Armor
21:46 Bodkin Arrow
26:22 Leather Archer Armor
29:41 Imperial Age
27:27 Hand Cart
28:47 Stone Mining
29:32 Gold Shaft Mining
31:20 Crossbowman
32:40 Arbalester
33:23 Bracer
41:27 Chemistry
40:48 Ballistics
43:56 Scale Mail Armor
44:07 Forging
44:14 Squires
43:35 Pikeman
45:16 Chain Mail Armor
45:03 Halberdier
46:48 Iron Casting
47:15 Plate Mail Armor
47:35 Elite Longbowman
50:13 Yeomen
Connection lost

Rejoining the realm…

Still unreachable

The connection could not be restored.

Session expired

The server has moved on; the page needs a fresh start.